 Dungeon Crawl Stone Soup version 0.19.0-20-gbc5f0c6 (webtiles) character file.

41967 Charly the Severer (level 13, 0/126 HPs)
             Began as a Deep Dwarf Gladiator on Nov 17, 2016.
             Was the Champion of Makhleb.
             Blown up by an orb spider (51 damage)
             ... with an orb of destruction
             ... on level 2 of the Spider Nest.
             The game lasted 00:51:49 (4568 turns).

Charly the Severer (Deep Dwarf Gladiator)           Turns: 4568, Time: 00:51:50

Health: 0/126      AC: 21    Str: 23    XL:     13   Next: 82%
Magic:  12/12      EV: 13    Int:  9    God:    Makhleb [******]
Gold:   206        SH:  0    Dex: 17    Spells: 0 memorised, 12 levels left

rFire  . . .     SeeInvis .     a - +4 broad axe of Qouwam {chop, rPois rN+ Stlth+}
rCold  + . .     Gourm    .     q - +2 chain mail {rN+}
rNeg   + + .     Faith    .     (no shield)
rPois  +         Spirit   .     c - +0 helmet
rElec  .         Reflect  .     u - +1 cloak
rCorr  .         Harm     .     y - +0 pair of gloves (curse)
MR     +....                    (no boots)
Stlth  ..........               m - amulet of rage
                                l - ring "Qydudot" {rC+ Str+3 Slay+2}
                                i - +4 ring of protection

@: confused, exhausted, non-regenerating
A: damage resistance, recharge devices, sense surroundings 2, slow regeneration
3
a: Device Recharging, Minor Destruction, Lesser Servant of Makhleb, Major
Destruction, Greater Servant of Makhleb, Renounce Religion, Evoke Berserk Rage


You were on level 2 of the Spider Nest.
You worshipped Makhleb.
Makhleb was exalted by your worship.
You were very full.

You visited 5 branches of the dungeon, and saw 26 of its levels.
You also visited: Labyrinth.

You collected 668 gold pieces.
You spent 462 gold pieces at shops.

Inventory:

Hand Weapons
 a - the +4 broad axe of Qouwam (weapon) {chop, rPois rN+ Stlth+}
   (You bought it in a shop on level 6 of the Dungeon)

   It inflicts extra damage upon your enemies.
   It protects you from poison.
   It protects you from negative energy.
   It makes you more stealthy.
 b - a +0 executioner's axe of chopping
 f - a +0 demon trident of venom
 x - a +0 blowgun
Missiles
 v - 8 curare-tipped needles
 F - a throwing net (quivered)
Armour
 c - a +0 helmet (worn)
 q - a +2 chain mail of positive energy (worn)
 u - a +1 cloak (worn)
 y - a cursed +0 pair of gloves (worn)
Rods
 w - a +5 rod of inaccuracy (6/11)
   (You found it in a labyrinth)
Jewellery
 i - a +4 ring of protection (left hand)
 l - the ring "Qydudot" (right hand) {rC+ Str+3 Slay+2}
   (You found it in a labyrinth)

   [ring of protection from cold]

   It affects your strength (+3).
   It affects your accuracy and damage with ranged weapons and melee attacks
   (+2).
   It protects you from cold.
 m - an amulet of rage (around neck)
Wands
 e - a wand of heal wounds (1/9)
 j - a wand of iceblast (2/15)
 s - a wand of digging (12/24)
 t - a wand of flame (17/48)
Scrolls
 h - a scroll of holy word
 o - 2 scrolls of remove curse
 r - a scroll of fog
 G - 2 scrolls of magic mapping
Potions
 d - 2 potions of flight
 g - 4 potions of curing
 C - a potion of cancellation
 E - a potion of lignification
Miscellaneous
 n - a phial of floods
Comestibles
 k - 5 meat rations
 A - 2 royal jellies
 B - a bread ration


   Skills:
 + Level 10.8 Fighting
 * Level 17.9 Axes
 - Level 1.7 Throwing
 + Level 7.3 Armour
 + Level 8.0 Dodging
 - Level 10.6 Evocations


You had 12 spell levels left.
You didn't know any spells.

Dungeon Overview and Level Annotations

Branches:
Dungeon (15/15)            Temple (1/1) D:5            Lair (6/6) D:10
  Swamp (0/4) Lair:3       Spider (2/4) Lair:4          Orc (2/2) D:11
  Slime: Lair:5-6       Elf: Orc:2       Vaults: D:13-14     Depths: D:15

Altars:
Ashenzari
Cheibriados
Dithmenos
Elyvilon
Hepliaklqana
Makhleb
Nemelex Xobeh
Qazlal
Trog
Vehumet
Yredelemnul
Zin
The Shining One

Shops:
D:6 ?**   D:13 !   D:15 (

Annotations:
D:4 Blork the orc
D:5 Eustachio
D:7 dobroeutro's ghost, novice MiBe
D:9 2 runed doors
Lair:6 Canard's ghost, journeyman DgEE
Orc:2 Nessos; Rupert


Innate Abilities, Weirdness & Mutations

You are resistant to damage.
You can recharge devices by infusing magical energy.
You passively map the area around you.
You do not regenerate.


Message History

The tarantella bites you.
You are more confused.
The tarantella misses you.
There is a stone staircase leading up, spattered with blood here.
Unknown command.
Unknown command.
You feel yourself speed up. The tarantella completely misses you.
The tarantella bites you!
* * * LOW HITPOINT WARNING * * *
The tarantella bites you but does no damage.
The orb spider weaves a glowing orb of energy.
The tarantella misses you.
In your confused state, you trip and fall back down the stairs.
The tarantella bites you but does no damage. x2
The tarantella bites you.
The orb spider spins a strand of pure energy.
The tarantella bites you but does no damage.
Unknown command.
The orb of destruction hits you!
You die...

........≈#.....## ,
.......#≈...s..^#
..............# ≈
≈..^.....## ,
.###......^### *
,...##......s.##, ,
....≈..†....§.####
,....≈.......§§s..###
...##≈......!s@...≈#
....#≈......†††.#≈#
......#<#.........≈#
......##≈.^.......##
.#≈#....#..#≈###### .
≈....#..^...* ,,
.≈#.. #^.....# ,
,###,##....## ,
*#....^*


You could see an orb spider and 2 tarantellas.

Vanquished Creatures
  An emperor scorpion (Spider:2)
  An orc warlord (D:11)
  The ghost of Uhlv the Fighter, a journeyman MiFi of the Shining One (D:12)
  The ghost of Nicoed the Protected, a journeyman GrFi of Okawaru (D:15)
  A minotaur (Lab)
  2 hydras
  A death knight (D:13)
  A centaur warrior (D:14)
  Erica (D:10)
  2 tengu warriors
  Sonja (D:11)
  A skeletal warrior (D:13)
  2 unseen horrors
  A wizard (D:13)
  Pikel (D:6)
  2 hill giants (D:11)
  A deep elf mage (D:13)
  An orb spider (Spider:1)
  An orc knight (D:15)
  A cyclops (D:13)
  6 wolf spiders
  2 ugly things
  A manticore (D:12)
  3 centaur zombies
  A black mamba (Lair:3)
  A gargoyle (D:14)
  5 spiny frogs
  A kobold demonologist (D:14)
  2 rime drakes
  A freezing wraith (D:13)
  A demonic crawler (Spider:1)
  2 tengu conjurers
  A queen bee (Lair:1)
  2 trolls
  2 two-headed ogres (D:13)
  4 jumping spiders
  A hornet (D:10)
  A meliai zombie (D:10)
  5 hippogriffs
  16 redbacks
  A tarantella (Spider:1)
  3 wyverns
  14 yaks
  2 wraiths (D:13)
  2 hungry ghosts
  A steam dragon (D:8)
  6 basilisks
  A soldier ant (D:11)
  3 porcupines
  4 water moccasins
  19 orc warriors
  An ice beast (D:6)
  A slave (D:6)
  2 sky beasts
  4 ogres
  2 phantoms
  2 centaurs
  4 crocodiles
  A big kobold (D:11)
  7 bullfrogs
  2 wyvern skeletons
  A scorpion (D:10)
  36 killer bees
  5 wights (D:7)
  5 howler monkeys
  A crimson imp (D:11)
  A quasit (D:11)
  5 hounds
  A jelly (D:9)
  7 orc priests
  9 orc wizards
  A bullfrog zombie (D:6)
  3 centaur skeletons
  Natasha (D:4)
  2 iguanas
  5 worker ants
  7 gnolls
  A howler monkey skeleton (D:6)
  A howler monkey zombie (D:5)
  7 adders
  3 river rats (D:10)
  A worm (D:6)
  3 leopard geckos
  41 orcs
  A ball python (D:2)
  A giant cockroach (D:5)
  3 jackals (D:10)
  5 quokkas
  5 bats (D:10)
  3 kobolds (D:11)
  3 rats
  A fungus (D:10)
  A plant (D:10)
334 creatures vanquished.

Vanquished Creatures (others)
  Harold (D:10)
  4 yaks (D:10)
  A crimson imp (D:6)
  A hound (D:13)
  A hound zombie (D:10)
  A shadow imp (D:6)
  An orc (D:10)
  A rat (D:10)
  6 fungi (D:10)
17 creatures vanquished.

Grand Total: 351 creatures vanquished

Notes
Turn   | Place    | Note
-------+----------+-------------------------------------------
     0 | D:1      | Charly the Deep Dwarf Gladiator began the quest for the Orb.
     0 | D:1      | Reached XP level 1. HP: 19/19 MP: 1/1
    43 | D:2      | Found a shadowy altar of Dithmenos.
    86 | D:5      | Entered Level 5 of the Dungeon
    86 | D:5      | Found a staircase to the Ecumenical Temple.
    87 | D:5      | Noticed a hound
    88 | D:5      | Noticed Eustachio
   100 | D:5      | Killed a hound
   100 | D:5      | Reached skill level 4 in Axes
   100 | D:5      | Reached XP level 2. HP: 26/26 MP: 2/2
   100 | D:5      | Reached XP level 3. HP: 32/32 MP: 3/3
   104 | Temple   | Entered the Ecumenical Temple
   180 | Temple   | Became a worshipper of Makhleb the Destroyer
   224 | D:4      | Noticed Blork the orc
   239 | D:4      | Noticed Natasha
   244 | D:4      | Killed Natasha
   244 | D:4      | Reached skill level 5 in Axes
   300 | D:5      | Reached XP level 4. HP: 25/39 MP: 4/4
   324 | D:5      | Reached skill level 6 in Axes
   339 | D:6      | Noticed an ice beast
   355 | D:6      | Killed an ice beast
   355 | D:6      | Reached XP level 5. HP: 35/45 MP: 5/5
   420 | D:6      | Found Yrghoghusi's General Store.
   424 | D:6      | Noticed a slave
   426 | D:6      | Noticed a slave
   427 | D:6      | Noticed Pikel
   430 | D:6      | Noticed a slave
   432 | D:6      | Noticed a slave
   440 | D:6      | Killed a slave
   446 | D:6      | Reached skill level 7 in Axes
   466 | D:6      | Killed Pikel
   466 | D:6      | Reached skill level 8 in Axes
   466 | D:6      | Reached XP level 6. HP: 30/56 MP: 6/6
   466 | D:6      | Reached XP level 7. HP: 33/62 MP: 7/7
   500 | D:7      | Noticed dobroeutro's ghost (novice MiBe)
   539 | D:6      | Reached skill level 9 in Axes
   545 | D:6      | Found Maturch's Magic Scroll Emporium.
   614 | D:6      | Found a hazy altar of Hepliaklqana.
   625 | D:6      | Found Qohinen's Assorted Antiques.
   636 | D:6      | Noticed a yak
   650 | D:6      | Killed a yak
   650 | D:6      | Reached XP level 8. HP: 29/72 MP: 6/6
   692 | D:7      | Reached * piety under Makhleb
   692 | D:7      | Reached skill level 10 in Axes
   716 | D:7      | Noticed a hippogriff
   726 | D:7      | Killed a hippogriff
   726 | D:7      | Reached skill level 5 in Fighting
   844 | D:7      | Reached skill level 11 in Axes
   918 | D:8      | Gained mutation: You passively map the area around you. [Deep Dwarf growth]
   918 | D:8      | Reached XP level 9. HP: 43/82 MP: 7/7
  1055 | D:8      | Reached skill level 12 in Axes
  1087 | D:9      | Noticed a hill giant
  1101 | D:8      | Reached ** piety under Makhleb
  1118 | D:8      | Reached skill level 1 in Armour
  1203 | D:9      | Reached skill level 1 in Evocations
  1279 | D:9      | Found a runed door.
  1282 | D:9      | Found a runed gate.
  1327 | D:10     | Entered Level 10 of the Dungeon
  1469 | D:10     | Reached XP level 10. HP: 27/92 MP: 10/10
  1550 | D:11     | Noticed a red ugly thing
  1562 | D:11     | Killed a red ugly thing
  1575 | D:11     | Reached skill level 13 in Axes
  1579 | D:11     | Noticed a hill giant
  1601 | D:10     | Reached *** piety under Makhleb
  1689 | D:10     | Reached skill level 5 in Dodging
  1756 | D:10     | Noticed Erica
  1770 | D:10     | Killed Erica
  1851 | D:11     | Killed a hill giant
  1869 | D:10     | Noticed Harold
  1917 | D:10     | Killed Harold
  1941 | D:10     | Reached skill level 5 in Armour
  1946 | D:10     | Reached XP level 11. HP: 42/102 MP: 10/10
  2049 | D:11     | Found a staircase to the Orcish Mines.
  2057 | Orc:1    | Entered Level 1 of the Orcish Mines
  2105 | D:11     | Reached skill level 14 in Axes
  2110 | D:11     | Identified a scroll of acquirement
  2155 | D:11     | Noticed Sonja
  2159 | D:11     | Killed Sonja
  2196 | Orc:1    | Reached **** piety under Makhleb
  2197 | Orc:1    | Noticed an orc warlord
  2239 | D:11     | Noticed a hill giant
  2250 | D:11     | Killed a hill giant
  2250 | D:11     | Reached skill level 5 in Evocations
  2307 | D:12     | Found a labyrinth entrance.
  2307 | D:12     | Noticed a white ugly thing
  2316 | D:12     | Killed a white ugly thing
  2357 | D:12     | Noticed Uhlv's ghost (journeyman MiFi)
  2365 | D:12     | Noticed a tengu warrior
  2369 | D:12     | Killed Uhlv's ghost
  2369 | D:12     | Reached skill level 15 in Axes
  2375 | D:12     | Killed a tengu warrior
  2380 | Lab      | Entered a labyrinth
  2622 | Lab      | Noticed a minotaur
  2631 | Lab      | Killed a minotaur
  2635 | Lab      | Identified the Reference Book on Lightness and Poison
  2639 | Lab      | Got a twitching pewter ring
  2640 | Lab      | Identified the ring "Qydudot" {rC+ Str+3 Slay+2} (You found it in a labyrinth)
  2641 | Lab      | Identified a +5 rod of inaccuracy (11/11) (You found it in a labyrinth)
  2647 | D:12     | Reached XP level 12. HP: 103/112 MP: 12/12
  2667 | D:13     | Found Ypie's Distillery.
  2742 | D:14     | Noticed a centaur warrior
  2749 | D:14     | Noticed a four-headed hydra
  2749 | D:14     | Killed a centaur warrior
  2765 | D:14     | Killed a four-headed hydra
  2765 | D:14     | Reached skill level 16 in Axes
  2819 | D:14     | Found a shattered altar of Ashenzari.
  2825 | D:14     | Gained mutation: You are partially covered in thin metallic scales. (AC +2) [potion of mutation]
  2825 | D:14     | Gained mutation: You occasionally shout uncontrollably at your foes. [potion of mutation]
  2825 | D:14     | Gained mutation: Armour fits poorly on your strangely shaped body. [potion of mutation]
  2826 | D:14     | Lost mutation: You are partially covered in thin metallic scales. (AC +2) [potion of cure mutation]
  2826 | D:14     | Lost mutation: You occasionally shout uncontrollably at your foes. [potion of cure mutation]
  2826 | D:14     | Lost mutation: Armour fits poorly on your strangely shaped body. [potion of cure mutation]
  2866 | D:15     | Entered Level 15 of the Dungeon
  2870 | D:15     | Found Usinurph's Weapon Shoppe.
  2870 | D:15     | Noticed Nicoed's ghost (journeyman GrFi)
  2891 | D:15     | Killed Nicoed's ghost
  2926 | D:14     | Noticed a centaur warrior
  2943 | D:13     | Noticed an eight-headed hydra
  2945 | D:13     | Noticed a tengu warrior
  2952 | D:13     | Killed an eight-headed hydra
  2954 | D:13     | Killed a tengu warrior
  3071 | D:13     | Reached skill level 10 in Fighting
  3084 | D:13     | Noticed a death knight
  3087 | D:13     | Killed a death knight
  3087 | D:13     | Reached skill level 10 in Evocations
  3106 | D:13     | Reached ***** piety under Makhleb
  3168 | D:14     | Found a sparkling altar of Nemelex Xobeh.
  3275 | D:11     | Killed an orc warlord
  3275 | D:11     | Reached XP level 13. HP: 65/123 MP: 12/12
  3333 | Orc:2    | Entered Level 2 of the Orcish Mines
  3333 | Orc:2    | Noticed Nessos
  3409 | Orc:2    | Noticed Rupert
  3590 | D:6      | Bought a scroll of fog for 20 gold pieces
  3590 | D:6      | Bought the +4 broad axe of Qouwam {chop, rPois rN+ Stlth+} for 442 gold pieces
  3669 | D:10     | Reached skill level 17 in Axes
  3688 | D:10     | Found a staircase to the Lair.
  3693 | Lair:1   | Entered Level 1 of the Lair of Beasts
  4040 | Lair:3   | Found a staircase to the Swamp.
  4134 | Lair:4   | Found a hole to the Spider Nest.
  4320 | Lair:6   | Entered Level 6 of the Lair of Beasts
  4320 | Lair:6   | Noticed Canard's ghost (journeyman DgEE)
  4356 | Spider:1 | Entered Level 1 of the Spider Nest
  4475 | Spider:2 | Reached ****** piety under Makhleb
  4525 | Spider:2 | Noticed an emperor scorpion
  4542 | Spider:2 | Killed an emperor scorpion
  4568 | Spider:2 | Blown up by an orb spider

Skill      XL: |  1  2  3  4  5  6  7  8  9 10 11 12 13 |
---------------+----------------------------------------+-----
Axes           | 4 5 6 8 9 11 12 13 15 16 17 | 17.9
Fighting       | 3 4 5 6 7 8 10 | 10.8
Armour         | 2 5 7 |  7.3
Evocations     | 4 7 10 | 10.6
Dodging        | 4 6 8 |  8.0
Throwing       | |  1.7

Action                   |  1- 3 |  4- 6 |  7- 9 | 10-12 | 13-15 || total
-------------------------+-------+-------+-------+-------+-------++-------
Melee: War axe           |    27 |    60 |   291 |   128 |       ||   506
       Executioner's axe |       |       |       |   189 |    57 ||   246
       Demon trident     |       |       |       |    10 |       ||    10
       Broad axe         |       |       |       |       |   188 ||   188
 Fire: Blowgun           |       |       |       |     9 |     4 ||    13
Throw: Throwing net      |       |     4 |     2 |       |       ||     6
 Abil: Device Recharging |       |       |     3 |     5 |       ||     8
       Evoke Berserk Rag |       |       |       |    13 |     3 ||    16
Evoke: Wand              |     1 |     2 |    13 |    34 |     5 ||    55
       Rod               |       |       |       |    14 |     3 ||    17
       Phial of floods   |       |       |       |     2 |       ||     2
  Use: Scroll            |       |       |     7 |    13 |     5 ||    25
       Potion            |       |       |       |     6 |     1 ||     7
 Stab: Sleeping          |     1 |       |       |       |       ||     1
       Held in net/web   |       |     1 |     1 |       |       ||     2
  Eat: Pizza             |       |       |     1 |       |       ||     1
       Meat ration       |       |       |     1 |       |       ||     1
       Chunk             |       |       |       |     8 |     2 ||    10
       Bread ration      |       |       |       |     2 |       ||     2
       Royal jelly       |       |       |       |       |     7 ||     7
Armor: Leather armour    |    16 |     1 |       |       |       ||    17
       Scale mail        |       |     7 |   111 |    62 |       ||   180
       Plate armour      |       |       |       |   190 |       ||   190
       Chain mail        |       |       |       |       |   162 ||   162
Dodge: Dodged            |    38 |    31 |   234 |   275 |   261 ||   839
